 Dungeon Crawl Stone Soup version 0.28.0 (webtiles) character file.

Game seed: 15145472462923264820

1 NoSkeletonsAllowed the Stinger (level 1, 0/13 HPs)
             Began as a Demonspawn Venom Mage on Feb 12, 2022.
             Slain by a goblin (5 damage)
             ... on level 1 of the Dungeon.
             The game lasted 00:02:14 (34 turns).

NoSkeletonsAllowed the Stinger (DsVM)                 Turns: 34, Time: 00:02:15

Health: 0/13       AC:  2    Str:  8    XL:     1   Next: 16%
Magic:  2/3        EV: 12    Int: 16    God:
Gold:   10         SH:  0    Dex: 13    Spells: 3/4 levels left

rFire   . . .      SeeInvis .   (no weapon)
rCold   . . .      Faith    .   (no shield)
rNeg    . . .      Spirit   .   a - +0 robe
rPois   .          Reflect  .   (no helmet)
rElec   .          Harm     .   (no cloak)
rCorr   .          Rampage  .   (no gloves)
Will    .....                   (no boots)
Stlth   ++........              (no amulet)
HPRegen 0.04/turn               (no ring)
MPRegen 0.08/turn               (no ring)

@: no status effects
A: no striking features
a: no special abilities


You were on level 1 of the Dungeon.
You visited 1 branch of the dungeon, and saw 1 of its levels.

You collected 10 gold pieces.

Inventory:

Missiles
 b - 42 arrows
Armour
 a - a +0 robe (worn)
Potions
 c - a potion of heal wounds {unknown}
 d - a potion of haste {unknown}


   Skills:
 + Level 1.7 Dodging
 + Level 1.7 Stealth
 + Level 2.0 Spellcasting
 + Level 0.8 Transmutations
 + Level 3.1 Poison Magic


You had 3 spell levels left.
You knew the following spells:

 Your Spells              Type           Power      Damage    Failure   Level
a - Sting                 Tmut/Pois      28%        1d4       10%         1

Your spell library contained the following spells:

 Spells                   Type           Power      Damage    Failure   Level
 Poisonous Vapours        Pois/Air       12%        N/A       17%         2
 Mephitic Cloud           Conj/Pois/Air  4%         N/A       38%         3
 Olgreb's Toxic Radiance  Pois           11%        N/A       50%         4


Dungeon Overview and Level Annotations

Branches:
Dungeon (1/15)

Altars:


Message History

Found a staircase leading out of the dungeon.
Found 2 gold pieces.
You see here 24 arrows.
b - 24 arrows
Found 18 arrows.
c - a coppery potion
There are no items here.
Found a spear.
Found 10 gold pieces and a glowing emerald potion.
b - 42 arrows (gained 18)
Found a stone staircase leading down.
You now have 10 gold pieces.
Found a scroll labelled FAEHAA NUOCOTU.
Found a stone staircase leading down.
A kobold comes into view. It is wielding a +0 club.
You see here a glowing emerald potion.
You see here a glowing emerald potion.
d - a glowing emerald potion A goblin comes into view.
It is wielding a +2 dagger of holy wrath.
The goblin shouts!
Unknown command.
Okay, then.
Casting: Sting (safe; 10% risk of failure)
Confirm with . or Enter, or press ? or * to list all spells.
Aiming: Sting (safe; 10% risk of failure)
Press: ? - help, Shift-Dir - straight line, f - kobold
Aim: a kobold, wielding a +0 club (60% to hit)
The sting hits the kobold.
The kobold is poisoned.
You kill the kobold!
Casting: Sting (safe; 10% risk of failure)
Confirm with . or Enter, or press ? or * to list all spells.
You don't know that spell.
Casting: Sting (safe; 10% risk of failure)
Confirm with . or Enter, or press ? or * to list all spells.
You can't see any susceptible monsters within range! (Use Z to cast anyway.)
The goblin hits you with a +2 dagger of holy wrath.
You convulse.
You barely miss the goblin.
The goblin hits you with a +2 dagger of holy wrath.
You die...

#...# #...# #..>#
.# #>..##### ..
#...#...#
#.######...#...##
#.#................
...............?..
#...g@..........
#.####.#...#...#
#.#...#...#
#.#...#.# # . .
#.#...#.#####.. $
#.#...#....... .
#..........#####.
####......#.....#
####..#.......


You could see a goblin.

Vanquished Creatures
  A kobold (D:1)
1 creature vanquished.

Notes
Turn   | Place    | Note
-------+----------+-------------------------------------------
     0 | D:1      | NoSkeletonsAllowed the Demonspawn Venom Mage began the
                  | quest for the Orb.
     0 | D:1      | Reached XP level 1. HP: 13/13 MP: 3/3
    34 | D:1      | Slain by a goblin

Illustrated notes

Levels and vault maps discovered:
D:1:      scummos_arrival_hexagon, layout_loops_cross, serial_bayou,
          serial_bayou_pond_c, serial_bayou_lake_a, serial_bayou_shore_a,
          serial_bayou_ford_a

Action                   || total
-------------------------++-------
Melee: Unarmed           ||     1
 Cast: Sting             ||     1
